 Dungeon Sprint DCSS version 0.18-b1-18-g7758cf2 (webtiles) character file.

255372 Kidiri the Ninja (level 18, -2/110 HPs)
             Began as a Spriggan Enchanter on May 2, 2016.
             Was the Champion of Dithmenos.
             Slain by a Hell Sentinel (17 damage)
             ... in the Dungeon (Sprint III: "The Ten Rune Challenge").
             The game lasted 02:06:17 (18363 turns).

Kidiri the Ninja (Spriggan Enchanter)              Turns: 18363, Time: 02:06:17

Health: -2/110     AC: 10    Str:  8    XL:     18   Next: 1%
Magic:  38/46      EV: 48    Int: 25    God:    Dithmenos [******]
Gold:   2148       SH: 10    Dex: 25    Spells: 12 memorised, 29 levels left

rFire  . . .     SeeInvis +     V - +4 rapier (elec)
rCold  + + .     Gourm    .     Z - +2 robe {rC+}
rNeg   . . .     Faith    .     f - +0 buckler
rPois  .         Spirit   .     t - +2 hat
rElec  +         Dismiss  +     S - +2 cloak of Starlight {rElec rC+ EV+4 Stlth--}
rCorr  .         Reflect  .     (gloves unavailable)
SustAt .         Harm     .     (boots unavailable)
MR     +++..     Rnd*Rage +     I - amulet of dismissal
Stlth  ++++++++++ NoTele   +    x - +6 ring of intelligence
                                h - ring of Wucwy Faes {Wiz Str+4 Dex+3}

@: wreathed by umbra, very quick, extremely resistant to hostile enchantments,
uncannily stealthy
A: unfitting armour, antennae 1, talons 1, see invisible, berserk 1, herbivore
3, speed 3, robust 1, slow metabolism 2, subdued magic 1
a: Shadow Step, Shadow Form, Renounce Religion
}: 4/10 runes: serpentine, barnacled, silver, golden


You were in the Dungeon.
You worshipped Dithmenos.
Dithmenos was exalted by your worship.
You were not hungry.

You visited 1 branch You collected 4479 gold pieces.
You spent 2331 gold pieces at shops.

Inventory:

Hand Weapons
 V - a +4 rapier of electrocution (weapon)
Missiles
 l - 16 throwing nets (quivered)
Armour
 f - a +0 buckler (worn)
 t - a +2 hat (worn)
 S - the +2 cloak of Starlight (worn) {rElec rC+ EV+4 Stlth--}
   (You acquired it in the Dungeon)

   It affects your evasion (+4).
   It protects you from cold.
   It insulates you from electricity.
   It makes you much less stealthy.
 Z - a +2 robe of cold resistance (worn)
Jewellery
 h - the ring of Wucwy Faes (left hand) {Wiz Str+4 Dex+3}
   (You took it off a vault guard in the Dungeon)

   [ring of wizardry]

   It improves your spell success rate.
   It affects your strength (+4).
   It affects your dexterity (+3).
 x - a +6 ring of intelligence (right hand)
 A - the ring "Firront" {rN+ Stlth+}
   (You took it off a frost giant in the Dungeon)

   [ring of stealth]

   It protects you from negative energy.
   It makes you more stealthy.
 D - an uncursed ring of flight
 I - an amulet of dismissal (around neck)
Wands
 F - a wand of disintegration (8/24)
 L - a wand of acid (6/15)
 T - a wand of hasting (0/9)
Scrolls
 a - a scroll of identify
 m - 2 scrolls of fog
 q - a scroll of holy word
 z - 2 scrolls of silence
 M - 3 scrolls of amnesia
 U - 2 scrolls of torment
Potions
 g - a potion of haste
 j - 3 potions of brilliance
 o - 5 potions of cure mutation
 p - 5 potions of flight
 r - 2 potions of lignification
 N - 2 potions of curing
Miscellaneous
 e - an ornate deck of escape {Swap, drawn: 1}
Comestibles
 k - 28 royal jellies


   Skills:
 * Level 13.4 Fighting
 * Level 22.1 Short Blades
 + Level 12.2 Armour
 O Level 27 Dodging
 O Level 27 Stealth
 * Level 9.9 Shields
 * Level 23.6 Spellcasting
 + Level 12.1 Conjurations
 + Level 18.1 Hexes
 + Level 16.3 Charms
 + Level 16.3 Translocations
 + Level 13.3 Ice Magic
 + Level 11.1 Air Magic
 + Level 12.2 Poison Magic
 - Level 6.1 Invocations
 + Level 18.6 Evocations


You had 29 spell levels left.
You knew the following spells:

 Your Spells              Type           Power        Failure   Level  Hunger
a - Corona                Hex            #######      0%          1    None
b - Ensorcelled Hibernat  Hex/Ice        ######       0%          2    None
c - Confuse               Hex            #######.     0%          3    None
d - Tukima's Dance        Hex            #######.     0%          3    None
e - Dazzling Spray        Conj/Hex       ######..     0%          3    None
f - Mephitic Cloud        Conj/Pois/Air  ######..     0%          3    None
g - Cure Poison           Pois           ######....   0%          2    None
h - Poisonous Cloud       Conj/Pois/Air  ######....   1%          6    None
i - Olgreb's Toxic Radia  Pois           ######..     1%          4    None
j - Swiftness             Chrm/Air       ######..     0%          2    None
k - Shroud of Golubria    Chrm/Tloc      ######....   0%          2    None
l - Passage of Golubria   Tloc           N/A          0%          4    None


Dungeon Overview and Level Annotations

Branches:
Dungeon (1/1)

Altars:
Cheibriados
Dithmenos
Elyvilon
Fedhas
Gozag
Kikubaaqudgha
Makhleb
Nemelex Xobeh
Okawaru
Pakellas
Qazlal
Ru
Sif Muna
Trog
Vehumet
Xom
Yredelemnul
Zin
The Shining One
Jiyva
Lugonu

Shops:
D ?=[?%!(:%![%[((}%(=!}?[:

Annotations:
D exclusion: 2 doors, Dispater


Innate Abilities, Weirdness & Mutations

You are tiny and cannot use many weapons and most armour.
You have supernaturally acute eyesight.
You are a herbivore.
You cover ground extremely quickly.
You need consume almost no food.
You have a pair of small antennae on your head.
You have sharp toenails.
You tend to lose your temper in combat.
You are robust (+10% HP).
Your spells are a little easier to cast, but a little less powerful.


Message History

You stick Dispater like a pincushion!!! You claw Dispater, but do no damage.
Dispater is severely wounded.
You block the Ice Fiend's attack. The Ice Fiend completely misses you.
The Hell Sentinel closely misses you. x2; You block the Hell Sentinel's attack.
The Hell Sentinel completely misses you.
Unknown command.
You strike the helpless Dispater from behind!
You stick Dispater like a pincushion!!! You claw Dispater, but do no damage.
Dispater is almost dead.
Your shadow hits Dispater but does no damage.
Dispater shouts, "Get thee gone, thou villainous dismal-dreaming shrunken violet!"
You hit Dispater but do no damage.
Dispater is almost dead.
Your shadow hits Dispater but does no damage.
The Ice Fiend calls on the powers of darkness!
Your body is wracked with pain!
* * * LOW HITPOINT WARNING * * *
The Hell Sentinel completely misses you.
You block the Hell Sentinel's attack. The Hell Sentinel hits you!
You die...

##........... ############
*****#########*************
*,+,{#.....^.#*≈,,,,,,,,,,,
*,*,{+.^####'#*≈≈,,,,,,****
*,***#..#....#*≈≈≈≈,,,,≈≈≈≈
*,*,,##'#§§§.#*,≈≈≈≈≈≈≈≈≈≈,
*,*,,#..#111:#*,≈≈≈≈≈≈≈≈≈≈,
*,+,,#..#&@}φ#*,,,≈≈≈≈≈≈,,,
*#####''######*,,,,,≈≈,,,,,
##)#)#.)#)#.##*,,,,,,,,,,,,
#.^..........#*8,,,,,,,,,,8
▓######'#############+######
▓...................(..().((
▓..............)..))).)..(((
▓........}..........)).....(
▓..............(............


You could see Dispater (blind), 2 Hell Sentinels and an Ice Fiend.

Vanquished Creatures
  Mennas (D)
  An ancient lich (D)
  Mara (D)
  2 greater mummies (D)
  Boris (D)
  Frederick (D)
  A Killer Klown (D)
  Geryon (D)
  A golden dragon (D)
  Nikola (D)
  An iron giant (D)
  2 bone dragons (D)
  A lich (D)
  2 Orb Guardians (D)
  Rupert (D)
  A deep elf blademaster (D)
  A deep elf master archer (D)
  An Executioner (D)
  Polyphemus (D)
  2 sphinxes (D)
  Harold (D)
  An ancient champion (D)
  Chuck (D)
  Gastronok (D)
  Roxanne (D)
  2 shadow dragons (D)
  Ilsuiw (D)
  A greater naga (D)
  2 storm dragons (D)
  4 fire giants (D)
  Maud (D)
  3 frost giants (D)
  2 draconian zealots (D)
  4 war gargoyles (D)
  4 stone giants (D)
  Nessos (D)
  3 vampire knights (D)
  A deep elf demonologist (D)
  A deep elf annihilator (D)
  Azrael (D)
  2 dire elephants (D)
  A yellow draconian (D)
  2 deep elf death magi (D)
  17 vault guards (D)
  9 mummy priests (D)
  Erolcha (D)
  A fire dragon (D)
  A merfolk javelineer (D)
  4 yaktaur captains (D)
  A naga warrior (D)
  2 hell beasts (D)
  3 anacondas (D)
  A hydra (D)
  An anaconda (shapeshifter) (D)
  2 centaur warriors (D)
  An iron elemental (D)
  4 dancing weapons (D)
  An ogre mage (D)
  4 death yaks (D)
  2 orc high priests (D)
  2 soul eaters (D)
  A deep elf knight (D)
  2 sun demons (D)
  An iron golem (D)
  7 skeletal warriors (D)
  A death drake (D)
  A golden dragon zombie (D)
  A shadow wraith (D)
  A sea snake (D)
  2 obsidian statues (D)
  A spriggan druid (D)
  A giant orange brain (D)
  A deep troll (shapeshifter) (D)
  A spectral iron dragon (D)
  A lindwurm (D)
  Joseph (D)
  5 deep elf magi (D)
  An orc knight (D)
  A shining eye (D)
  4 ugly things (D)
  4 crystal guardians (D)
  A hornet (D)
  2 oklob plants (D)
  An orc sorcerer (D)
  2 elephants (D)
  A molten gargoyle (D)
  A moth of wrath (D)
  8 black mambas (D)
  2 stone giant skeletons (D)
  A guardian serpent (D)
  8 statues (D)
  2 spiny frogs (D)
  A komodo dragon (D)
  A rime drake (D)
  3 ice devils (D)
  10 yaktaurs (D)
  A queen bee (D)
  4 spriggan defenders (D)
  18 guardian mummies (D)
  2 giant leeches (D)
  3 wandering mushrooms (D)
  12 slime creatures (D)
  8 blink frogs (D)
  A snapping turtle (shapeshifter) (D)
  A shadow (D)
  2 spriggans (D)
  5 redbacks (D)
  A chaos spawn (D)
  A golden eye (D)
  2 nagas (D)
  2 hill giants (D)
  A spatial vortex (D)
  3 iron troll simulacra (D)
  2 water moccasins (D)
  A giant eyeball (shapeshifter) (D)
  A hydra simulacrum (D)
  A giant eyeball (D)
  A swamp drake (D)
  3 orc warriors (D)
  2 wasps (D)
  A necrophage (D)
  3 two-headed ogres (D)
  A water elemental (D)
  A scorpion (D)
  32 killer bees (D)
  5 electric eels (D)
  A jelly (D)
  7 orc priests (D)
  2 orc wizards (D)
  Jessica (D)
  2 necromancers (D)
  A wizard (D)
  3 sheep (D)
  3 humans (D)
  A kobold demonologist (D)
  6 adders (D)
  An ooze (D)
  2 adder simulacra (D)
  5 orcs (D)
  A giant cockroach zombie (D)
  A giant gecko simulacrum (D)
  A giant gecko zombie (D)
  2 rats (D)
  3 ballistomycetes (D)
  2 bushes (D)
  7 butterflies (D)
  A giant spore (D)
  5 plants (D)
383 creatures vanquished.

Vanquished Creatures (collateral kills)
  A vampire knight (D)
  3 vault guards (D)
  An orc warrior (D)
  An orc (D)
6 creatures vanquished.

Vanquished Creatures (others)
  2 draconian scorchers (D)
  A hydra (D)
  A deep elf knight (D)
  A deep elf mage (D)
  3 yaktaurs (D)
  9 dancing weapons (D)
  5 ball lightnings (D)
  A ballistomycete (D)
  A bush (D)
  2 giant spores (D)
  7 plants (D)
33 creatures vanquished.

Grand Total: 422 creatures vanquished

Notes
Turn   | Place    | Note
--------------------------------------------------------------
     0 | D        | Kidiri the Spriggan Enchanter began the quest for the Orb.
     0 | D        | Reached XP level 1. HP: 9/9 MP: 5/5
    31 | D        | Noticed Jessica
    36 | D        | Killed Jessica
    36 | D        | Reached skill level 1 in Fighting
    36 | D        | Reached skill level 1 in Armour
    36 | D        | Reached skill level 5 in Stealth
    36 | D        | Reached XP level 2. HP: 14/14 MP: 6/8
    36 | D        | Reached XP level 3. HP: 18/18 MP: 6/9
    40 | D        | Learned a level 2 spell: Ensorcelled Hibernation
    44 | D        | Learned a level 3 spell: Confuse
    48 | D        | Learned a level 3 spell: Dazzling Spray
    74 | D        | Noticed a scorpion
    77 | D        | Killed a scorpion
    77 | D        | Reached skill level 5 in Dodging
    77 | D        | Reached XP level 4. HP: 22/22 MP: 9/11
    99 | D        | Learned a level 3 spell: Tukima's Dance
   194 | D        | Reached skill level 5 in Spellcasting
   194 | D        | Reached skill level 1 in Ice Magic
   223 | D        | Gained mutation: Your spells are a little easier to cast, but a little less powerful. [potion of mutation]
   223 | D        | Gained mutation: You are robust (+10% HP). [potion of mutation]
   223 | D        | Gained mutation: You have a pair of small antennae on your head. [potion of mutation]
   224 | D        | Gained mutation: You have sharp toenails. [potion of mutation]
   224 | D        | Gained mutation: You tend to lose your temper in combat. [potion of mutation]
   255 | D        | Killed a white draconian scorcher
   296 | D        | Noticed a water elemental
   299 | D        | Killed a water elemental
   299 | D        | Reached skill level 1 in Conjurations
   299 | D        | Reached skill level 5 in Hexes
   299 | D        | Reached XP level 5. HP: 28/28 MP: 14/14
   309 | D        | Noticed a shadow
   311 | D        | Killed a shadow
   311 | D        | Reached skill level 5 in Short Blades
   311 | D        | Reached XP level 6. HP: 35/35 MP: 14/16
   313 | D        | Killed a white draconian scorcher
   320 | D        | Found an oddly glowing altar of Pakellas.
   320 | D        | Found a stormy altar of Qazlal.
   334 | D        | Found a sacrificial altar of Ru.
   334 | D        | Found a burning altar of Makhleb.
   334 | D        | Found a viscous altar of Jiyva.
   334 | D        | Found a shimmering altar of Xom.
   334 | D        | Found a shadowy altar of Dithmenos.
   334 | D        | Found a sparkling altar of Nemelex Xobeh.
   334 | D        | Found a corrupted altar of Lugonu.
   334 | D        | Found an opulent altar of Gozag.
   334 | D        | Noticed a spatial vortex
   338 | D        | Became a worshipper of Dithmenos the Shadowed
   585 | D        | Killed a spatial vortex
   585 | D        | Reached skill level 10 in Stealth
   585 | D        | Reached skill level 1 in Invocations
   626 | D        | Killed a yaktaur
   706 | D        | Found a radiant altar of Vehumet.
   707 | D        | Found a deep blue altar of Sif Muna.
   707 | D        | Found an ancient bone altar of Kikubaaqudgha.
   714 | D        | Reached skill level 1 in Evocations
   739 | D        | Found a glowing silver altar of Zin.
   740 | D        | Found a glowing golden altar of the Shining One.
   740 | D        | Found a white marble altar of Elyvilon.
   740 | D        | Noticed a deep elf mage
   742 | D        | Killed a deep elf mage
   742 | D        | Reached * piety under Dithmenos
   742 | D        | Reached skill level 10 in Dodging
   742 | D        | Reached XP level 7. HP: 40/40 MP: 15/19
   753 | D        | Found an iron altar of Okawaru.
   754 | D        | Found a bloodstained altar of Trog.
   754 | D        | Noticed a human
   754 | D        | Noticed a human
   756 | D        | Killed a human
   756 | D        | Reached XP level 8. HP: 46/46 MP: 17/21
   772 | D        | Found a snail-covered altar of Cheibriados.
   773 | D        | Found a basalt altar of Yredelemnul.
   773 | D        | Found a blossoming altar of Fedhas.
   777 | D        | Reached ** piety under Dithmenos
   995 | D        | Noticed Erolcha
   997 | D        | Killed Erolcha
   997 | D        | Reached *** piety under Dithmenos
   997 | D        | Reached skill level 10 in Spellcasting
   997 | D        | Reached XP level 9. HP: 50/50 MP: 22/24
  1002 | D        | Reached skill level 5 in Evocations
  1075 | D        | Reached **** piety under Dithmenos
  1206 | D        | Noticed a queen bee
  1263 | D        | Reached ***** piety under Dithmenos
  1444 | D        | Reached skill level 5 in Fighting
  1455 | D        | Killed a queen bee
  1642 | D        | Reached skill level 10 in Short Blades
  1663 | D        | Reached ****** piety under Dithmenos
  1663 | D        | Reached XP level 10. HP: 56/56 MP: 16/25
  1719 | D        | Reached skill level 5 in Ice Magic
  1729 | D        | Reached skill level 5 in Invocations
  2037 | D        | Noticed a spiny frog
  2037 | D        | Noticed a spiny frog
  2040 | D        | Killed a spiny frog
  2042 | D        | Killed a spiny frog
  2086 | D        | Reached skill level 15 in Stealth
  2104 | D        | Reached skill level 5 in Armour
  2113 | D        | Noticed a lindwurm
  2117 | D        | Killed a lindwurm
  2129 | D        | Reached skill level 5 in Conjurations
  2130 | D        | Noticed Maud
  2132 | D        | Killed Maud
  2132 | D        | Reached XP level 11. HP: 61/61 MP: 19/28
  2177 | D        | Noticed an eight-headed hydra
  2177 | D        | Noticed a six-headed hydra
  2196 | D        | Killed an eight-headed hydra
  2275 | D        | Noticed a death drake
  2295 | D        | Killed a death drake
  2533 | D        | Killed a six-headed hydra
  2619 | D        | Found a blossoming altar of Fedhas.
  2619 | D        | Noticed a spriggan druid
  2621 | D        | Killed a spriggan druid
  2621 | D        | Reached skill level 15 in Dodging
  2642 | D        | Noticed Polyphemus
  2643 | D        | Noticed a sea snake
  2643 | D        | Noticed Ilsuiw
  2643 | D        | Found Fuetega's Distillery.
  2644 | D        | Killed Polyphemus
  2644 | D        | Reached skill level 10 in Hexes
  2656 | D        | Killed a sea snake
  2735 | D        | Found Sonun's Antique Weapon Shop.
  2746 | D        | Found Eliadgh's Book Shoppe.
  2746 | D        | Noticed a merfolk javelineer
  2780 | D        | Killed Ilsuiw
  2785 | D        | Killed a merfolk javelineer
  2845 | D        | Got a barnacled rune of Zot
  2979 | D        | Reached XP level 12. HP: 69/69 MP: 25/30
  3121 | D        | Noticed Rupert
  3122 | D        | Paralysed by Rupert for 2 turns
  3172 | D        | Paralysed by Rupert for 2 turns
  3178 | D        | Killed Rupert
  3285 | D        | Noticed a death yak
  3286 | D        | Noticed a death yak
  3287 | D        | Noticed an azure jelly
  3287 | D        | Noticed a death yak
  3287 | D        | Noticed an azure jelly
  3287 | D        | Noticed a death yak
  3288 | D        | Killed a death yak
  3289 | D        | Killed a death yak
  3290 | D        | Reached skill level 10 in Evocations
  3292 | D        | Killed a death yak
  3294 | D        | Killed a death yak
  3330 | D        | Noticed an anaconda
  3331 | D        | Noticed an anaconda
  3333 | D        | Killed an anaconda
  3335 | D        | Killed an anaconda
  3371 | D        | Reached skill level 15 in Spellcasting
  3395 | D        | Noticed an anaconda
  3397 | D        | Killed an anaconda
  3406 | D        | Noticed a naga warrior
  3406 | D        | Noticed a greater naga
  3406 | D        | Found Fablu's Magic Scroll Boutique.
  3406 | D        | Found Hysihel's Jewellery Emporium.
  3576 | D        | Killed a naga warrior
  3737 | D        | Killed a greater naga
  3737 | D        | Reached XP level 13. HP: 37/74 MP: 27/33
  3976 | D        | Found Kexirgh's Antique Armour Shop.
  4018 | D        | Got a serpentine rune of Zot
  4095 | D        | Noticed an azure jelly
  4095 | D        | Noticed an azure jelly
  4096 | D        | Noticed a dire elephant
  4096 | D        | Noticed a dire elephant
  4096 | D        | Noticed Gastronok
  4098 | D        | Killed Gastronok
  4099 | D        | Killed a dire elephant
  4101 | D        | Killed a dire elephant
  4205 | D        | Noticed Harold
  4205 | D        | Noticed Joseph
  4207 | D        | Killed Harold
  4209 | D        | Killed Joseph
  4246 | D        | Found Ruam's Magic Scroll Shoppe.
  4306 | D        | Reached skill level 15 in Short Blades
  4408 | D        | Bought a scroll of enchant weapon for 97 gold pieces
  4408 | D        | Bought a scroll of identify for 26 gold pieces
  4408 | D        | Bought a scroll of enchant armour for 97 gold pieces
  4583 | D        | Noticed a deep elf demonologist
  4862 | D        | Noticed a deep elf annihilator
  4866 | D        | Killed a deep elf demonologist
  4940 | D        | Noticed a deep elf death mage
  4944 | D        | Noticed a deep elf master archer
  5381 | D        | Noticed a deep elf death mage
  5390 | D        | Killed a deep elf death mage
  5538 | D        | Killed a deep elf death mage
  5538 | D        | Reached skill level 1 in Shields
  5546 | D        | Killed a deep elf annihilator
  5551 | D        | Killed a ghostly deep elf death mage
  5707 | D        | Killed a deep elf master archer
  5730 | D        | Identified the Almanac of Damaging Augmentations
  5736 | D        | Got a pitted hunting sling
  5738 | D        | Identified the Volume of Venomous Stolen Souls
  5738 | D        | Identified Sif Muna's Reference Book on Intoxication
  5902 | D        | Learned a level 3 spell: Mephitic Cloud
  5905 | D        | Learned a level 2 spell: Cure Poison
  5912 | D        | Learned a level 6 spell: Poisonous Cloud
  5924 | D        | Learned a level 4 spell: Olgreb's Toxic Radiance
  5928 | D        | Learned a level 2 spell: Swiftness
  6195 | D        | Reached skill level 1 in Poison Magic
  6205 | D        | Found Kogimid's Antique Weapon Emporium.
  6205 | D        | Found Kuhysuar's Distillery.
  6205 | D        | Found Heuzecea's Gadget Boutique.
  6205 | D        | Found Ciuzac's Book Shoppe.
  6205 | D        | Found Ryxipoc's Food Boutique.
  6205 | D        | Found Agenise's Jewellery Emporium.
  6205 | D        | Found Cerijoing's Antique Weapon Shoppe.
  6205 | D        | Found Riove's Antique Armour Shop.
  6205 | D        | Found Xuebeff's Antique Weapon Shop.
  6205 | D        | Found Sixar's Magic Scroll Emporium.
  6205 | D        | Found Byriw's Antique Armour Emporium.
  6205 | D        | Found Bakh's Gadget Boutique.
  6230 | D        | Bought a heavily jewelled robe for 142 gold pieces
  6240 | D        | Identified the +0 robe of Resilience {rC++} (You bought it in a shop in the Dungeon)
  6262 | D        | Bought a cloak for 108 gold pieces
  6268 | D        | Bought a runed dagger for 42 gold pieces
  6272 | D        | Bought a glowing dagger for 60 gold pieces
  6274 | D        | Bought a cursed +6 ring of intelligence for 555 gold pieces
  6278 | D        | Bought a book of Spatial Translocations for 845 gold pieces
  6281 | D        | Learned a level 2 spell: Shroud of Golubria
  6286 | D        | Learned a level 4 spell: Passage of Golubria
  6288 | D        | Bought a scroll of identify for 26 gold pieces
  6430 | D        | Bought a scroll of identify for 24 gold pieces
  6430 | D        | Bought a scroll of identify for 24 gold pieces
  6430 | D        | Bought a scroll of identify for 24 gold pieces
  6430 | D        | Bought a scroll of identify for 24 gold pieces
  6430 | D        | Bought a scroll of enchant weapon for 90 gold pieces
  6430 | D        | Bought a scroll of identify for 24 gold pieces
  6573 | D        | Reached skill level 1 in Charms
  6577 | D        | Reached skill level 1 in Translocations
  6654 | D        | Reached skill level 1 in Air Magic
  6654 | D        | Reached XP level 14. HP: 82/82 MP: 35/35
  7018 | D        | Noticed Chuck
  7087 | D        | Killed Chuck
  7198 | D        | Noticed Frederick
  7199 | D        | Killed Frederick
  7199 | D        | Reached skill level 5 in Charms
  7199 | D        | Reached skill level 5 in Translocations
  7218 | D        | Noticed a lich
  7220 | D        | Killed a lich
  7283 | D        | Noticed a shadow dragon
  7283 | D        | Noticed a shadow dragon
  7286 | D        | Killed a shadow dragon
  7287 | D        | Killed a shadow dragon
  7401 | D        | Noticed a stone giant
  7579 | D        | Noticed a frost giant
  7588 | D        | Noticed a fire giant
  7632 | D        | Reached skill level 5 in Poison Magic
  7641 | D        | Killed a fire giant
  7673 | D        | Killed a frost giant
  7675 | D        | Got a fine golden ring
  7677 | D        | Identified the ring "Firront" {rN+ Stlth+} (You took it off a frost giant in the Dungeon)
  7874 | D        | Bought a scroll of magic mapping for 45 gold pieces
  7874 | D        | Bought a scroll of remove curse for 39 gold pieces
  8094 | D        | Killed a stone giant
  8094 | D        | Reached skill level 10 in Fighting
  8094 | D        | Reached skill level 10 in Ice Magic
  8172 | D        | Noticed a frost giant
  8177 | D        | Reached XP level 15. HP: 50/88 MP: 22/38
  8194 | D        | Killed a frost giant
  8408 | D        | Got a sparkling silver ring
  8451 | D        | Noticed a fire giant
  8461 | D        | Killed a fire giant
  8463 | D        | Got a vibrating tin ring
  8473 | D        | Identified the ring of Wucwy Faes {Wiz Str+4 Dex+3} (You took it off a vault guard in the Dungeon)
  8475 | D        | Identified the ring "Goprekel" {rElec SInv} (You took it off a fire giant in the Dungeon)
  9549 | D        | Reached skill level 5 in Air Magic
  9561 | D        | Noticed a golden dragon
  9561 | D        | Noticed a fire giant
  9844 | D        | Killed a fire giant
  9857 | D        | Reached skill level 5 in Shields
 10034 | D        | HP: 2/89 [golden dragon (3)]
 10552 | D        | Got a silver rune of Zot
 10555 | D        | Identified the Incunabulum of Terror (You found it in the Dungeon)
 11180 | D        | Noticed a bone dragon
 11182 | D        | Killed a bone dragon
 11186 | D        | Noticed a bone dragon
 11188 | D        | Killed a bone dragon
 11215 | D        | Paralysed by a Zot trap for 3 turns
 12019 | D        | Noticed a sphinx
 12019 | D        | Noticed a sphinx
 12020 | D        | Reached skill level 10 in Charms
 12101 | D        | Killed a sphinx
 12115 | D        | Killed a sphinx
 12115 | D        | Reached skill level 10 in Translocations
 12194 | D        | Reached skill level 15 in Evocations
 12431 | D        | Noticed a greater mummy
 12431 | D        | Noticed a greater mummy
 12432 | D        | Reached skill level 10 in Armour
 12432 | D        | Reached skill level 15 in Hexes
 12748 | D        | Killed a greater mummy
 12748 | D        | Reached skill level 10 in Conjurations
 12748 | D        | Reached XP level 16. HP: 91/91 MP: 33/40
 12796 | D        | Killed a greater mummy
 13301 | D        | Got a golden rune of Zot
 13457 | D        | Bought a scroll of remove curse for 39 gold pieces
 13771 | D        | Noticed Azrael
 13773 | D        | Killed Azrael
 13999 | D        | Killed a golden dragon
 14815 | D        | Noticed Boris
 14819 | D        | Killed Boris
 14871 | D        | Found Yssick's Food Emporium.
 14871 | D        | Found Fuiv's Armour Shop.
 14871 | D        | Found Moba's Distillery.
 14871 | D        | Found Ykocebud's Food Shoppe.
 15216 | D        | Noticed Mara
 15219 | D        | Killed Mara
 15671 | D        | Noticed an ancient champion
 15672 | D        | Killed an ancient champion
 15789 | D        | Noticed Nikola
 15789 | D        | Noticed a storm dragon
 15804 | D        | Killed Nikola
 15814 | D        | Killed a storm dragon
 15877 | D        | Found Gysexur's Food Boutique.
 15924 | D        | Noticed Mennas
 15926 | D        | Killed Mennas
 15926 | D        | Reached skill level 10 in Poison Magic
 15926 | D        | Reached XP level 17. HP: 102/102 MP: 31/43
 16561 | D        | Noticed Roxanne
 16596 | D        | Killed Roxanne
 16782 | D        | Reached skill level 27 in Stealth
 16918 | D        | Noticed Nessos
 16920 | D        | Killed Nessos
 16951 | D        | Noticed a deep elf blademaster
 16987 | D        | Killed a deep elf blademaster
 17109 | D        | Noticed a Killer Klown
 17156 | D        | Killed a Killer Klown
 17156 | D        | Reached skill level 10 in Air Magic
 17361 | D        | Noticed an Orb Guardian
 17361 | D        | Noticed an Orb Guardian
 17364 | D        | Reached skill level 15 in Charms
 17365 | D        | Killed an Orb Guardian
 17372 | D        | Killed an Orb Guardian
 17372 | D        | Reached skill level 15 in Translocations
 17464 | D        | Noticed an ancient lich
 17466 | D        | Killed an ancient lich
 17613 | D        | Noticed Geryon
 17837 | D        | Killed Geryon
 17837 | D        | Reached skill level 27 in Dodging
 17983 | D        | Noticed an iron giant
 17988 | D        | Killed an iron giant
 18013 | D        | Reached XP level 18. HP: 59/110 MP: 15/46
 18351 | D        | Noticed a Hell Sentinel
 18351 | D        | Noticed a Hell Sentinel
 18351 | D        | Noticed Dispater
 18355 | D        | Noticed an Ice Fiend
 18363 | D        | Slain by a Hell Sentinel

Skill      XL: |  1  2  3  4  5  6  7  8  9 10 11 12 13 14 15 16 17 |
---------------+----------------------------------------------------+-----
Spellcasting   | 4 5 6 8 10 12 13 15 16 18 19 21 23 | 23.6
Short Blades   | 3 4 5 7 8 10 11 12 14 15 17 18 20 22 | 22.1
Fighting       | 1 2 3 4 5 6 7 8 9 10 11 12 13 | 13.4
Armour         | 1 2 3 4 5 6 7 8 9 10 11 12 | 12.2
Dodging        | 4 5 6 8 10 11 12 14 16 18 19 21 23 25 27 | 27.0
Stealth        | 5 6 7 9 11 12 14 15 17 19 21 23 24 26 27 | 27.0
Hexes          | 4 5 6 7 8 9 10 11 12 13 15 16 18 | 18.1
Ice Magic      | 1 2 3 4 5 6 8 9 10 11 12 13 | 13.3
Conjurations   | 1 2 3 4 5 6 7 8 9 10 11 12 | 12.1
Invocations    | 2 4 6 |  6.1
Evocations     | 2 3 4 6 7 9 10 12 13 15 16 18 | 18.6
Shields        | 2 4 6 8 9 |  9.9
Poison Magic   | 1 5 7 10 12 | 12.2
Charms         | 2 7 11 13 16 | 16.3
Translocations | 1 7 10 13 16 | 16.3
Air Magic      | 1 4 7 9 11 | 11.1

Action                   |  1- 3 |  4- 6 |  7- 9 | 10-12 | 13-15 | 16-18 || total
-------------------------+-------+-------+-------+-------+-------+-------++-------
Melee: Dagger            |     6 |    32 |    91 |   107 |   618 |       ||   854
       Kick              |       |     1 |     9 |    11 |   310 |   100 ||   431
       Quick blade       |       |       |       |       |   118 |   153 ||   271
       Short sword       |       |       |       |       |    39 |     4 ||    43
       Rapier            |       |       |       |       |       |   123 ||   123
Throw: Throwing net      |       |       |       |     6 |     6 |     3 ||    15
 Cast: Ensorcelled Hiber |       |     4 |    43 |    23 |    27 |     8 ||   105
       Dazzling Spray    |       |    17 |    10 |    42 |   220 |   208 ||   497
       Confuse           |       |     1 |     2 |     2 |    30 |    11 ||    46
       Tukima's Dance    |       |       |     7 |     2 |    41 |     3 ||    53
       Passage of Golubr |       |       |       |       |     5 |       ||     5
       Cure Poison       |       |       |       |       |     4 |     5 ||     9
       Shroud of Golubri |       |       |       |       |     4 |       ||     4
       Olgreb's Toxic Ra |       |       |       |       |     2 |     3 ||     5
       Mephitic Cloud    |       |       |       |       |     1 |     1 ||     2
       Poisonous Cloud   |       |       |       |       |     3 |     2 ||     5
Invok: Shadow Step       |       |       |       |    15 |    17 |    18 ||    50
 Abil: Evoke Flight      |       |       |       |       |     1 |     4 ||     5
Evoke: Deck              |       |       |       |       |     1 |       ||     1
       Wand              |       |       |       |       |       |     2 ||     2
  Use: Scroll            |       |     5 |       |     1 |    15 |     7 ||    28
       Potion            |       |     3 |     1 |       |     6 |     7 ||    17
 Stab: Sleeping          |     3 |     5 |    26 |    62 |    74 |    59 ||   229
       Distracted        |       |     1 |       |     1 |     7 |     4 ||    13
       Invisible         |       |     1 |     3 |    10 |    11 |    18 ||    43
       Confused          |       |       |     1 |       |     8 |     2 ||    11
       Held in net/web   |       |       |       |     1 |     4 |     5 ||    10
  Eat: Bread ration      |       |       |       |     1 |       |     2 ||     3
       Fruit             |       |       |       |       |     9 |       ||     9
Armor: Robe              |       |       |     1 |     3 |     8 |     9 ||    21
Dodge: Dodged            |     1 |    25 |   132 |    60 |   250 |   273 ||   741
Block: Buckler           |       |       |       |       |    74 |   105 ||   179
